 Dungeon Crawl Stone Soup version 0.30-a0-595-g91969c0fa5 (webtiles) character file.

Game seed: 4783886210126045692

158 Leeroy the Insei (level 5, 0/33 HPs)
             Began as an Octopode Transmuter on Jan 6, 2023.
             Slain by Crazy Yiuf
             ... wielding a +2 quarterstaff of chaos
              (5 damage)
             ... on level 3 of the Dungeon.
             The game lasted 00:04:03 (1983 turns).

Leeroy the Insei (Octopode Transmuter)              Turns: 1983, Time: 00:04:04

Health: 0/33       AC:  2    Str: 10    XL:     5   Next: 39%
Magic:  1/8        EV: 19    Int: 17    God:
Gold:   162        SH:  0    Dex: 17    Spells: 0/8 levels left

rFire   . . .      SeeInvis .      - Unarmed
rCold   . . .      Faith    .    (shield currently unavailable)
rNeg    . . .      Spirit   .    (helmet currently unavailable)
rPois   x          Reflect  .    (no amulet)
rElec   .          Harm     .    (no ring)
rCorr   .          Rampage  .    (no ring)
Will    .....                    (no ring)
Stlth   ++                       (no ring)
HPRegen 0.25/turn                (no ring)
MPRegen 0.11/turn                (no ring)
                                 (no ring)
                                 (no ring)

@: spider-form (expiring)
A: venomous fangs, almost no armour, (amphibious), 8 rings, tiny, (camouflage
1), (gelatinous body 1), (nimble swimmer 1), (tentacles)
a: End Transformation


You were on level 3 of the Dungeon.
You were a venomous arachnid creature.
You visited 1 branch of the dungeon, and saw 3 of its levels.

You collected 212 gold pieces.
You spent 50 gold pieces at shops.

Inventory:

Hand Weapons
 k - a +0 short sword of speed
 q - a +1 dagger of draining
 s - a +0 long sword
Missiles
 f - 2 throwing nets
Armour
 l - the +5 robe of Misfortune {Harm *Corrode *Slow EV+5}
   (You found it on level 2 of the Dungeon)

   EV:        It affects your evasion (+5).
   *Corrode:  It may corrode you when you take damage.
   *Slow:     It may slow you when you take damage.
   Harm:      It increases damage dealt and taken.
Wands
 p - a wand of polymorph (9)
Scrolls
 b - a scroll of identify {unknown}
 d - a scroll of noise {unknown}
 i - a scroll of teleportation {unknown}
 m - a scroll of blinking {unknown}
 o - a scroll of enchant armour {unknown}
 r - 2 scrolls of magic mapping {unknown}
Potions
 a - a potion of lignification
 c - a potion of heal wounds
 e - a potion of berserk rage {unknown}
 g - a potion of magic {unknown}
 h - a potion of might {unknown}
 j - a potion of flight {unknown}
 n - a potion of haste {unknown}


   Skills:
 - Level 1.0 Fighting
 - Level 2.0 Dodging
 + Level 5.9 Unarmed Combat
 - Level 2.0 Spellcasting
 + Level 2.0 Transmutations


You couldn't memorise any spells.
You knew the following spells:

 Your Spells              Type           Power      Damage    Failure   Level
a - Beastly Appendage     Tmut           16%        N/A       22%         1
b - Spider Form           Tmut/Pois      5%         N/A       58%         3
c - Ice Form              Ice/Tmut       5%         N/A       90%         4

Your spell library contained the following spells:

 Spells                   Type           Power      Damage    Failure   Level
 Wereblood                Tmut           8%         N/A       30%         2


Dungeon Overview and Level Annotations

Branches:
Dungeon (3/15)

Altars:
Kikubaaqudgha
The Shining One

Shops:
D:1 !   D:2 :

Annotations:
D:3 Crazy Yiuf


Innate Abilities, Weirdness & Mutations

You are a venomous arachnid creature.
You have poisonous fangs.
You are tiny and dextrous.
Your spellcasting is less reliable in this form.
Your armour is entirely melded.
You are incapable of wielding weapons or throwing items.
You cannot wear most types of armour.
((You are amphibious.))
You can wear up to eight rings at the same time.
((Your skin changes colour to match your surroundings (Stealth+).))
((Your rubbery body absorbs attacks. (AC +1, EV +1)))
((You are camouflaged when in or above water. (Stealth+)))
((You have tentacles for arms and can constrict up to eight enemies at once.))


Message History

You kill the endoplasm!
No target in view!
No target in view!
No target in view!
No target in view!
Found a hammer.
Found a hammer.
Found a runed translucent door.
No target in view!
Crazy Yiuf shouts!
Casting: Beastly Appendage (safe; 9% risk of failure)
Confirm with . or Enter, or press ? or * to list all spells.
Okay, then.
This spell is quite dangerous to cast!
Memorise Spider Form, consuming 3 spell levels and leaving 4?
Crazy Yiuf says, "East hand tea!"
You start memorising the spell.
You continue memorising.
Crazy Yiuf says, "Blight!"
You continue memorising. x2
You finish memorising.
Spell assigned to 'b'.
This spell is astonishingly dangerous to cast!
Memorise Ice Form, consuming 4 spell levels and leaving 0?
You start memorising the spell.
You continue memorising. x2
Crazy Yiuf cries, "You leg down broken song, no?"
You continue memorising. x2
You finish memorising.
Spell assigned to 'c'.
Casting: Beastly Appendage (safe; 9% risk of failure)
Confirm with . or Enter, or press ? or * to list all spells.
The spell is quite dangerous to miscast (36% risk of failure)!
Continue anyway?
You turn into a venomous arachnid creature.
Your transformation is almost over.
You open the door. You barely miss Crazy Yiuf.
Crazy Yiuf cries, "Race noodlescoop green!"
Crazy Yiuf hits you with a +2 quarterstaff of chaos!
You feel your power leaking away.
You hit Crazy Yiuf but do no damage.
Crazy Yiuf is poisoned.
Crazy Yiuf hits you with a +2 quarterstaff of chaos!
* * * LOW HITPOINT WARNING * * *
Crazy Yiuf freezes you.
You die...

#.# #.#.# ###.#
#.#.#
....#####.#.#
.........####
#######..#
######## #..#
#......# #..# ###
####..###.# #..#
#)..### ##.#...#
#.# #..#
#...gs####......#
#.# #..#
#...##..#......##
#.# #..# ###
###.#.)#.## #.#
#..# ######## #.#
#..# #.# #..# ###
### #.# #.## #.#
#.# #.# #.# #.#
#.# #.# #.# #.#
#.# #.##


You could see Crazy Yiuf (very poisoned).

Vanquished Creatures
  A crimson imp (D:3)
  Jessica (D:3)
  Terence (D:2)
  2 adders (D:2)
  A worm (D:2)
  2 dart slugs
  A ball python (D:1)
  3 endoplasms
  7 giant cockroaches
  A goblin (D:2)
  3 hobgoblins
  3 kobolds
  2 quokkas (D:2)
  5 bats
  5 frilled lizards
  3 goblin skeletons (D:3)
  4 hobgoblin zombies (D:3)
  A kobold skeleton (D:3)
  2 orc skeletons (D:3)
  4 rats
52 creatures vanquished.

Notes
Turn   | Place    | Note
-------+----------+-------------------------------------------
     0 | D:1      | Leeroy the Octopode Transmuter began the quest for the Orb.
     0 | D:1      | Reached XP level 1. HP: 13/13 MP: 3/3
   141 | D:1      | Reached XP level 2. HP: 18/18 MP: 5/5
   371 | D:1      | Found Cypezuodd's Distillery.
   379 | D:1      | Bought a potion of heal wounds for 50 gold pieces
   453 | D:1      | Reached skill level 4 in Unarmed Combat
   522 | D:1      | Reached XP level 3. HP: 23/23 MP: 6/6
   602 | D:2      | Found Kall's Book Shop.
   908 | D:2      | Noticed a golden eye
   910 | D:2      | Found a faded altar of an unknown god.
   912 | D:2      | Noticed a great orb of eyes
   912 | D:2      | Noticed a shining eye
   912 | D:2      | Noticed a shining eye
  1281 | D:2      | Found an ancient bone altar of Kikubaaqudgha.
  1299 | D:2      | Noticed Terence
  1310 | D:2      | Killed Terence
  1311 | D:2      | Reached skill level 5 in Unarmed Combat
  1311 | D:2      | Reached XP level 4. HP: 14/28 MP: 7/7
  1509 | D:2      | Found the +5 robe of Misfortune {Harm *Corrode *Slow EV+5}
  1731 | D:3      | Noticed Jessica
  1744 | D:3      | Killed Jessica
  1771 | D:3      | Found a glowing golden altar of the Shining One.
  1775 | D:3      | Reached XP level 5. HP: 30/33 MP: 8/8
  1967 | D:3      | Found a runed translucent door.
  1968 | D:3      | Noticed Crazy Yiuf
  1975 | D:3      | Learned a level 3 spell: Spider Form
  1980 | D:3      | Learned a level 4 spell: Ice Form
  1983 | D:3      | Slain by Crazy Yiuf

Illustrated notes

Levels and vault maps discovered:
D:1:      dpeg_arrival_pits, layout_loops_ring, serial_shops,
          nicolae_shop_waterfront
D:2:      layout_basic, hellmonk_ecumenical_altar_watching_god, serial_shops,
          shop, basic_altar, uniq_terence
D:3:      layout_loops_ring, nicolae_tso_besieged_by_evil,
          uniq_crazy_yiuf_cottage, uniq_jessica

Skill      XL: |  1  2  3 |
---------------+----------+-----
Unarmed Combat | 4 5 |  5.9
Fighting       | |  1.0
Dodging        | |  2.0
Spellcasting   | |  2.0
Transmutations | |  2.0

Action                   |  1- 3 |  4- 6 || total
-------------------------+-------+-------++-------
Melee: Unarmed           |    76 |    47 ||   123
       Constrict         |    18 |    15 ||    33
       Punch             |     2 |     2 ||     4
       Tentacles         |    13 |    10 ||    23
 Cast: Spider Form       |       |     1 ||     1
  Use: Potion            |     1 |       ||     1
 Stab: Sleeping          |     9 |     3 ||    12
Armor: Skin              |     7 |     1 ||     8
Dodge: Dodged            |    41 |    19 ||    60

Table legend: (Time is in decaauts)
 A = Elapsed time spent in this place.
 B = Non-inter-level travel time spent in this place.
 C = Inter-level travel time spent in this place.
 D = Time resting spent in this place.
 E = Time spent auto-exploring this place.
 F = Levels seen in this place.
 G = Mean time per level.
                   A        B        C        D        E       F      G
               +--------+--------+--------+--------+--------+-----+--------+
         Total |   1972 |   1920 |     52 |      0 |   1561 |   3 |  657.3 |
       Dungeon |   1972 |   1920 |     52 |      0 |   1561 |   3 |  657.3 |
               +--------+--------+--------+--------+--------+-----+--------+

Top non-repeatable levels by time:
     D:2: 944 daAuts
     D:1: 592 daAuts
     D:3: 436 daAuts
